 Dungeon Crawl Stone Soup version 0.21.1-1-g345015f (webtiles) character file.

42 letownia2 the Charmwright (level 3, -1/27 HPs)
             Began as a Merfolk Skald on Mar 12, 2018.
             Slain by a jackal (2 damage)
             ... on level 2 of the Dungeon.
             The game lasted 00:02:00 (235 turns).

letownia2 the Charmwright (Merfolk Skald)            Turns: 235, Time: 00:02:01

Health: -1/27      AC:  3    Str: 11    XL:     3   Next: 56%
Magic:  2/6        EV: 12    Int: 16    God:
Gold:   37         SH:  0    Dex: 13    Spells: 0/6 levels left

rFire    . . .     SeeInvis .   m - +1 dagger (drain)
rCold    . . .     Gourm    .   (no shield)
rNeg     . . .     Faith    .   b - +0 leather armour
rPois    .         Spirit   .   (no helmet)
rElec    .         Reflect  .   (no cloak)
rCorr    .         Harm     .   (no gloves)
MR       .....                  (no boots)
Stlth    +.........             (no amulet)
HPRegen  0.09/turn              e - +3 ring of intelligence
MPRegen  0.10/turn              (no ring)

@: no status effects
A: change form in water, swift swim, stealthy swim
a: no special abilities


You were on level 2 of the Dungeon.
You were not hungry.

You visited 1 branch of the dungeon, and saw 2 of its levels.

You collected 37 gold pieces.

Inventory:

Hand Weapons
 a - a +0 spear
 m - a +1 dagger of draining (weapon)
Armour
 b - a +0 leather armour (worn)
 f - a +0 ring mail
Jewellery
 e - a +3 ring of intelligence (left hand)
Scrolls
 h - a scroll of teleportation {unknown}
 k - a scroll of remove curse {unknown}
 l - a scroll of identify {unknown}
Potions
 g - a potion of heal wounds {unknown}
 i - a potion of might {unknown}
 j - a potion of haste {unknown}
Books
 c - a book of Battle

   Spells                             Type                      Level
   a - Infusion                       Charms                       1
   b - Shroud of Golubria             Charms/Translocation         2
   c - Song of Slaying                Charms                       2
   d - Spectral Weapon                Hexes/Charms                 3
   e - Regeneration                   Charms/Necromancy            3
Comestibles
 d - a ration


   Skills:
 - Level 2.1 Fighting
 - Level 3.6 Polearms
 - Level 0.6 Armour
 - Level 2.8 Dodging
 - Level 2.0 Spellcasting
 + Level 0.1 Hexes
 + Level 3.6 Charms
 - Level 1.7 Translocations


You couldn't memorise any spells.
You knew the following spells:

 Your Spells              Type           Power        Failure   Level  Hunger
a - Infusion              Chrm           ##..         6%          1    #......
t - Shroud of Golubria    Chrm/Tloc      ##........   14%         2    ###....
x - Spectral Weapon       Hex/Chrm       #.......     36%         3    ###....


Dungeon Overview and Level Annotations

Branches:
Dungeon (2/15)

Altars:


Message History

The jackal is severely wounded.
The jackal bites you.
* * * LOW HITPOINT WARNING * * *
A gnoll comes into view. It is wielding an enchanted spear.
You closely miss the jackal.
The jackal is severely wounded.
The jackal barely misses you. The jackal closely misses you.
Unknown command.
You hit the jackal.
You kill the jackal!
The jackal misses you.
A gnoll comes into view. It is wielding a spear.
Unknown command.
You hit the jackal.
The jackal is severely wounded.
Your shroud unravels.
The gnoll hits you from afar with a spear.
* * * LOW HITPOINT WARNING * * *
The jackal bites you.
You die... ...# ##g.. ##..g# .... #... gg#

#h# #@#
#.#####.#
#.........
#.###..... #.#
#.#.# #..#.##.#
....#
#.......##....##
.....###.......#
...............#


You could see 4 gnolls and a jackal.

Vanquished Creatures
  Jessica (D:2)
  A dart slug (D:1)
  3 goblins (D:1)
  2 hobgoblins (D:1)
  2 jackals (D:2)
  A bat (D:2)
  A frilled lizard (D:1)
  3 kobolds (D:2)
  A rat (D:1)
15 creatures vanquished.

Notes
Turn   | Place    | Note
-------+----------+-------------------------------------------
     0 | D:1      | letownia2 the Merfolk Skald began the quest for the Orb.
     0 | D:1      | Reached XP level 1. HP: 16/16 MP: 3/3
   124 | D:1      | Reached XP level 2. HP: 22/22 MP: 1/5
   163 | D:2      | Learned a level 2 spell: Shroud of Golubria
   183 | D:2      | Noticed Jessica
   207 | D:2      | Killed Jessica
   207 | D:2      | Reached skill level 1 in Translocations
   207 | D:2      | Reached XP level 3. HP: 3/27 MP: 1/6
   213 | D:2      | Learned a level 3 spell: Spectral Weapon
   235 | D:2      | HP: 1/27 [gnoll/spear (2)]
   235 | D:2      | Slain by a jackal

Skill      XL: |  1  2 |
---------------+-------+-----
Translocations | 1 |  1.7
Fighting       | |  2.1
Polearms       | |  3.6
Armour         | |  0.6
Dodging        | |  2.8
Spellcasting   | |  2.0
Hexes          | |  0.1
Charms         | |  3.6

Action                   || total
-------------------------++-------
Melee: Spear             ||    31
       Dagger            ||    13
 Cast: Infusion          ||     4
       Shroud of Golubri ||     2
Armor: Leather armour    ||     3
Dodge: Dodged            ||    22
